 Dungeon Crawl Stone Soup version 0.30-a0-1161-g0704695555 (webtiles) character file.

Game seed: 1839224561668890239

809 NateTC the Digger (level 7, -1/36 HPs)
             Began as a Gargoyle Earth Elementalist on Apr 27, 2023.
             Was a Follower of Vehumet.
             Slain by a troll (6 damage)
             ... on level 5 of the Dungeon.
             The game lasted 00:10:31 (4276 turns).

NateTC the Digger (Gargoyle Earth Elementalist)     Turns: 4276, Time: 00:10:32

Health: -1/36      AC:  7    Str: 11    XL:     7   Next: 92%
Magic:  6/11       EV: 11    Int: 20    God:    Vehumet [*.....]
Gold:   246        SH:  0    Dex: 10    Spells: 8/12 levels left

rFire   . . .        (no weapon)
rCold   . . .        (no shield)
rNeg    + . .        a - +0 robe
rPois   ∞            (no helmet)
rElec   +            (no cloak)
rCorr   +            (no gloves)
SInv    .            c - +0 pair of boots
Will    .....        (no amulet)
Stlth   ++           d - ring "Xoheos" {rCorr Int+2}
HPRegen 0.26/turn    (no ring)
MPRegen 0.12/turn

%: no passive effects
@: no status effects
A: sickness immunity, AC +4, negative energy resistance 1, electricity
resistance, torment resistance 1, petrification resistance
a: Renounce Religion


You were on level 5 of the Dungeon.
You worshipped Vehumet.
Vehumet was aware of your devotion.
You visited 1 branch of the dungeon, and saw 5 of its levels.

You collected 246 gold pieces.

Inventory:

Armour
 a - a +0 robe (worn)
 c - a +0 pair of boots (worn)
Jewellery
 d - the ring "Xoheos" (left hand) {rCorr Int+2}
   (You acquired it on level 2 of the Dungeon)

   [ring of resist corrosion]

   Int:       It affects your intelligence (+2).
   rCorr:     It protects you from acid and corrosion.
Scrolls
 j - a scroll of identify
 n - a scroll of acquirement
Potions
 b - 3 potions of magic
 f - 2 potions of heal wounds
 g - a potion of brilliance
 h - 5 potions of curing
 i - 2 potions of mutation
 k - a potion of haste
 l - a potion of attraction {unknown}
 m - 2 potions of invisibility {unknown}


   Skills:
 - Level 1.5 Dodging
 - Level 2.1 Stealth
 + Level 3.3 Spellcasting
 * Level 6.0 Conjurations
 - Level 0.7 Transmutations
 * Level 7.7 Earth Magic


You had 8 spell levels left.
You knew the following spells:

 Your Spells              Type           Power      Damage    Failure   Level
a - Sandblast             Erth           68%        2d15      1%          1
b - Stone Arrow           Conj/Erth      60%        3d10      2%          3

Your spell library contained the following spells:

 Spells                   Type           Power      Damage    Failure   Level
 Magic Dart               Conj           100%       1d8       1%          1
 Passwall                 Tmut/Erth      16%        N/A       3%          2
 Apportation              Tloc           6%         N/A       14%         1
 Summon Small Mammal      Summ           12%        N/A       14%         1
 Petrify                  Tmut/Erth      20%        N/A       24%         4
 Call Canine Familiar     Summ           3%         N/A       38%         3
 Gell's Gravitas          Tloc           3%         N/A       38%         3
 Summon Guardian Golem    Hex/Summ       3%         N/A       38%         3
 Teleport Other           Tloc           3%         N/A       38%         3
 Alistair's Intoxication  Tmut/Pois      2%         N/A       97%         5
 Dispersal                Tloc           1%         N/A       100%        6


Dungeon Overview and Level Annotations

Branches:
Dungeon (5/15) Zot: 25643  Temple (0/1) D:5

Altars:
Hepliaklqana
Vehumet
Lugonu

Shops:
D:3 (

Portals:
Abyss: D:3

Annotations:
D:3 1 runed translucent door, hwolsky's ghost, amateur MiFi
D:5 3 runed translucent doors, SirDiesAlot's ghost, novice FoFi


Innate Abilities, Weirdness & Mutations

You are immune to sickness and miasma.
Your stone body is resilient. (AC +4)
You are immune to poison.
You resist negative energy. (rN+)
You are resistant to electric shocks. (rElec)
You are resistant to unholy torment.
You are immune to petrification.


Message History

There is a stone staircase leading up here.
You start resting.
Magic restored.
A sleepcap comes into view.
Found an escape hatch in the ceiling.
The blast of sand hits the sleepcap!
The sleepcap is heavily damaged.
The blast of sand hits the sleepcap but does no damage.
The sleepcap is heavily damaged.
The sleepcap completely misses you. The sleepcap barely misses you.
The blast of sand hits the sleepcap.
The sleepcap is severely damaged.
The sleepcap releases spores at you but does no damage.
The blast of sand hits the sleepcap!
You destroy the sleepcap!
Vehumet accepts your kill.
You can't see any susceptible monsters within range! (Use Z to cast anyway.)
You start resting.
A troll is nearby!
You can't see any susceptible monsters within range! (Use Z to cast anyway.)
The blast of sand hits the troll!
The troll is moderately wounded.
The blast of sand hits the troll!
The troll is heavily wounded.
The blast of sand hits the troll but does no damage.
The troll is heavily wounded.
The troll bites you! The troll claws you! The troll closely misses you.
You are too injured to fight recklessly!
You are too injured to fight recklessly!
You are too injured to fight recklessly!
You are too injured to fight recklessly!
Okay, then.
You feel much better. The troll bites you! The troll closely misses you.
The troll claws you!
The air fills with toxic fumes!
As you read the scroll of poison, it crumbles to dust.
The troll bites you!
* * * LOW HITPOINT WARNING * * *
The troll barely misses you. The troll claws you.
You die...

##.......# ####
#.§§§§...####
###§§##.....#########
#§§###.##......)...
#§§###.#########..#
#§§§##.# #...
##§§†..# #.##
#§##....# ###)#
#@###.#..# ##...# #T#
#..#.# #..###
#..§§§.##.#.###.##
#.§§§§§## #.....#
#§§§§§§##.##...##
#§§§§§§##......###
#§§§§§§§.........#
#§§§§§§§§........####
#<...#########.......


You could see a troll.

Vanquished Creatures
  A black bear (D:4)
  2 ogres (D:5)
  2 scorpions (D:4)
  A howler monkey (D:5)
  2 hounds (D:5)
  A jelly (D:5)
  2 sleepcaps (D:5)
  An iguana (D:5)
  Natasha (D:2)
  An orc wizard (D:3)
  A statue (D:3)
  6 adders
  A shadow imp (D:5)
  3 worms
  2 dart slugs (D:1)
  5 orcs
  7 ball pythons
  6 endoplasms
  3 giant cockroaches
  2 goblins
  4 hobgoblins
  9 jackals
  2 quokkas
  2 bats (D:1)
  A frilled lizard (D:2)
  13 kobolds
  6 rats
  A spectral hobgoblin (D:4)
88 creatures vanquished.

Vanquished Creatures (others)
  2 withered plants (D:3)
2 creatures vanquished.

Grand Total: 90 creatures vanquished

Notes
Turn   | Place    | Note
-------+----------+-------------------------------------------
     0 | D:1      | NateTC the Gargoyle Earth Elementalist began the quest for
                  | the Orb.
     0 | D:1      | Reached XP level 1. HP: 10/10 MP: 3/3
    46 | D:1      | Reached skill level 1 in Conjurations
    97 | D:1      | Reached skill level 4 in Earth Magic
    97 | D:1      | Reached XP level 2. HP: 15/15 MP: 3/5
   439 | D:1      | Reached XP level 3. HP: 19/19 MP: 0/6
   494 | D:1      | Learned a level 3 spell: Stone Arrow
  1287 | D:2      | Reached XP level 4. HP: 24/24 MP: 5/7
  1651 | D:2      | Noticed Natasha
  1654 | D:2      | Killed Natasha
  1655 | D:2      | Reached skill level 5 in Earth Magic
  1787 | D:2      | Identified a scroll of acquirement
  1787 | D:2      | Acquired the ring "Xoheos" {rCorr Int+2}
  2075 | D:3      | Found a large runed translucent door.
  2076 | D:3      | Found a large runed translucent door.
  2078 | D:3      | Found a corrupted altar of Lugonu.
  2149 | D:3      | Reached XP level 5. HP: 27/28 MP: 5/8
  2223 | D:3      | Found a runed translucent door.
  2223 | D:3      | Noticed hwolsky's ghost (amateur MiFi)
  2233 | D:3      | Found Qaujoes's Weapon Shop.
  2346 | D:3      | Found a radiant altar of Vehumet.
  2346 | D:3      | Noticed a charred statue
  2357 | D:3      | Killed a charred statue
  2412 | D:3      | Became a worshipper of Vehumet
  2761 | D:3      | Found a one-way gate to the infinite horrors of the Abyss.
  2971 | D:4      | Found a hazy altar of Hepliaklqana.
  3052 | D:4      | Identified the +7 glaive of Gallantry {venom, rPois rF-
                  | Will++ rCorr}
  3330 | D:4      | Reached skill level 6 in Earth Magic
  3330 | D:4      | Reached XP level 6. HP: 32/32 MP: 4/9
  3609 | D:5      | Entered Level 5 of the Dungeon
  3609 | D:5      | Noticed a black bear
  3648 | D:4      | Killed a black bear
  3726 | D:4      | Reached skill level 5 in Conjurations
  3726 | D:4      | Reached XP level 7. HP: 26/36 MP: 3/11
  3980 | D:5      | Noticed a yak
  3982 | D:5      | Noticed SirDiesAlot's ghost (novice FoFi)
  3992 | D:5      | Reached skill level 7 in Earth Magic
  4034 | D:5      | Found a runed translucent gate.
  4035 | D:5      | Found a runed translucent gate.
  4036 | D:5      | Found a runed translucent gate.
  4065 | D:5      | Found a staircase to the Ecumenical Temple.
  4080 | D:5      | Reached * piety under Vehumet
  4080 | D:5      | Offered knowledge of Magic Dart by Vehumet.
  4231 | D:5      | Noticed a troll
  4276 | D:5      | Slain by a troll

Illustrated notes

Levels and vault maps discovered:
D:1:      minmay_arrival_wavy_path, layout_rooms,
          nicolae_concentric_dashed_squares_mild
D:2:      layout_loops_corners, uniq_natasha
D:3:      due_chaos_kobolds, layout_loops_cross, vehumet_statue,
          gammafunk_ghost_grave, serial_shops, nicolae_shop_bloodbath_and_beyond
D:4:      layout_cave_pods, nicolae_hepliaklqana_monster_ancestors
D:5:      layout_rooms, minmay_temple_entry_junction, gammafunk_ghost_split

Skill      XL: |  1  2  3  4  5  6  7 |
---------------+----------------------+-----
Conjurations   | 1 2 3 4 5 6 |  6.0
Earth Magic    | 4 5 6 7 |  7.7
Spellcasting   | 3 |  3.3
Dodging        | |  1.5
Stealth        | |  2.1
Transmutations | |  0.7

Action                     |  1- 3 |  4- 6 |  7- 9 || total
---------------------------+-------+-------+-------++-------
  Melee: Unarmed           |     6 |       |       ||     6
   Cast: Sandblast         |    50 |    78 |    31 ||   159
         Stone Arrow       |       |     2 |       ||     2
    Use: Scroll            |     4 |     7 |     2 ||    13
         Potion            |       |       |     1 ||     1
 Armour: Robe              |    11 |    24 |     4 ||    39
  Dodge: Dodged            |    17 |    34 |    21 ||    72

Table legend: (Time is in decaauts)
 A = Elapsed time spent in this place.
 B = Non-inter-level travel time spent in this place.
 C = Inter-level travel time spent in this place.
 D = Time resting spent in this place.
 E = Time spent auto-exploring this place.
 F = Levels seen in this place.
 G = Mean time per level.
                   A        B        C        D        E       F      G
               +--------+--------+--------+--------+--------+-----+--------+
         Total |   4356 |   4286 |     70 |   1110 |   1807 |   5 |  871.2 |
       Dungeon |   4356 |   4286 |     70 |   1110 |   1807 |   5 |  871.2 |
               +--------+--------+--------+--------+--------+-----+--------+

Top non-repeatable levels by time:
     D:4: 1078 daAuts
     D:2: 1049 daAuts
     D:3: 979 daAuts
     D:1: 823 daAuts
     D:5: 425 daAuts
